Cogmind - Beta 13 X3 @@@ ROGUE MODE // 2024.02.20 @ 22:42:50 Player: IzRey Result: Destroyed by S-27 Virus with Autogun Performance ------------- Evolutions (3) 1500 Regions Visited (4) 800 Robots Destroyed (29) 145 Value Destroyed (480) 480 Prototype IDs (1) 20 Alien Tech Used (0) 0 Bonus (15) 15 TOTAL SCORE: 2960 Bonus ------- High Alert Combat Kills 15 Cogmind --------- Core Integrity 0/700 Matter 241/300 Energy 98/100 System Corruption 0% Temperature Cool (0) Movement Core (50) Location -7/Factory Parts ------- > --- POWER (1) -------- (None) > --- PROPULSION (2) --- (None) > --- UTILITY (8) ------ Structural Scanner Machine Analyzer Visual Processing Unit Improved Targeting Computer Improved Targeting Computer Advanced Targeting Computer Advanced Targeting Computer > --- WEAPON (2) ------- (None) > --- INVENTORY (5) ---- Sensor Array Improved Terrain Scanner Peak State ------------ > --- POWER ------------ (None) > --- PROPULSION ------- (None) > --- UTILITY ---------- Structural Scanner Machine Analyzer Visual Processing Unit Improved Targeting Computer Improved Targeting Computer Advanced Targeting Computer Advanced Targeting Computer > --- WEAPON ----------- High-powered Shotgun Spear > --- INVENTORY -------- Sensor Array Improved Terrain Scanner Assault Rifle Grenade Launcher [Rating: 23] Favorites ----------- Power None Propulsion None Utility Improved Targeting Computer Device Structural Scanner Processor Improved Targeting Computer Weapon Spear Energy Gun Particle Gun Ballistic Gun Assault Rifle Launcher Grenade Launcher Piercing Weapon Spear Build | -11 -10 -9 -8 -7 ------- Run | Yrd Mat Mat Mat Fac Slots Evolved 6 | . . 2 2 2 Power . | . . . . . Propulsion . | . . . . . Utility 6 | . . 2 2 2 Weapon . | . . . . . Parts Attached 25 | 3 1 9 6 6 Power . | . . . . . Engine . | . . . . . Core . | . . . . . Reactor . | . . . . . Propulsion . | . . . . . Treads . | . . . . . Leg . | . . . . . Wheel . | . . . . . Hover . | . . . . . Flight . | . . . . . Utility 12 | 1 1 5 3 2 Device 3 | 1 1 1 . . Storage . | . . . . . Processor 9 | . . 4 3 2 Hackware . | . . . . . Protection . | . . . . . Artifact . | . . . . . Weapon 13 | 2 . 4 3 4 Energy Gun 1 | . . . . 1 Energy Cannon . | . . . . . Ballistic Gun 6 | 2 . 2 . 2 Ballistic Cannon . | . . . . . Launcher 5 | . . 2 2 1 Special Weapon . | . . . . . Impact Weapon . | . . . . . Slashing Weapon . | . . . . . Piercing Weapon 1 | . . . 1 . Special Melee Weapon . | . . . . . Unidentified Prototypes 1 | . . . 1 . Parts Lost 6 | . . . 1 5 Power . | . . . . . Propulsion . | . . . . . Utility 1 | . . . 1 . Weapon 5 | . . . . 5 Highest Loss Streak 5 | . . . 1 5 To Critical Strikes . | . . . . . Average Slot Usage (%) 50 | . 28 45 55 56 Device 8 | . 14 8 9 7 Processor 31 | . . 25 37 42 Ballistic Gun 5 | . 14 10 . 2 Piercing Weapon 3 | . . . 8 3 Naked Turns . | . . . . . Heaviest Build 6 | 4 3 3 3 6 Greatest Support 3 | 3 3 3 3 3 Greatest Overweight (x) 1 | 1 . . . 1 Average Overweight (x) . | . . . . . Largest Inventory Capacity 5 | 5 5 5 5 5 Average Capacity 5 | 5 5 5 5 5 Most Carried 5 | 1 5 5 5 5 Average Carried 4 | . 4 3 4 3 Final Capacity 5 | 5 5 5 5 5 Final Carried 5 | 1 5 5 5 2 Class Distribution -------------------- 100% | Mutant Dominant Class ---------------- Mutant | -10/Materials Mutant | -9/Materials Mutant | -8/Materials Mutant | -7/Factory Resources | -11 -10 -9 -8 -7 ----------- Run | Yrd Mat Mat Mat Fac Matter Collected 610 | 258 16 195 88 53 Remotely . | . . . . . Salvage Created 581 | 87 23 156 105 210 Parts 43 | 3 2 13 20 5 Haulers Intercepted 1 | . . 1 . . Recyclers Shooed . | . . . . . Parts Field Recycled . | . . . . . Retrieved Matter . | . . . . . Parts Self-Destructed . | . . . . . Prevented . | . . . . . Kills | -11 -10 -9 -8 -7 ------- Run | Yrd Mat Mat Mat Fac Combat Hostiles Destroyed 20 | . . 4 11 5 Melee 5 | . . . 4 1 Guns 3 | . . . . 3 AOE 12 | . . 4 7 1 Classes Destroyed 11 | 2 1 4 1 3 Worker 1 | . . . 1 . Builder 1 | . . 1 . . Tunneler 1 | 1 . . . . Hauler 1 | . . 1 . . Recycler 2 | 1 . 1 . . Mechanic 1 | . . 1 . . Operator 1 | . . . . 1 Watcher 1 | . 1 . . . Swarmer 15 | . . 4 11 . Grunt 4 | . . . . 4 Duelist 1 | . . . . 1 Best Kill Streak 7 | 2 1 4 7 5 Combat Bots Only 7 | . . 4 7 5 Max Kills in Single Turn 4 | 1 1 2 4 1 Gunslinging . | . . . . . Exploded 4 | . . 2 4 1 Melee 1 | . . . 1 1 Uniques/NPCs Destroyed . | . . . . . Combat | -11 -10 -9 -8 -7 -------- Run | Yrd Mat Mat Mat Fac Hostile Shots Fired 173 | . 8 9 34 122 Missed 60 | . 4 4 7 45 Damage Taken 1418 | . 34 51 272 1061 Core 974 | . 18 25 217 714 Absorbed by Shields . | . . . . . Core Remaining (%) 86 | 100 92 93 60 . Volleys Fired 58 | 7 5 20 3 23 Largest 2 | 2 1 1 1 2 Hottest 65 | 40 20 30 30 65 Shots Fired 66 | 14 5 20 3 24 Gun 57 | 14 5 15 . 23 Cannon . | . . . . . Launcher 9 | . . 5 3 1 Special . | . . . . . Kinetic 53 | 14 5 15 . 19 Thermal 4 | . . . . 4 Explosive 9 | . . 5 3 1 Electromagnetic . | . . . . . Robot Hit Streak 38 | 7 1 13 14 38 Robot Miss Streak 4 | 4 2 2 . 2 Penetration Max . | . . . . . Secondary Targets . | . . . . . Shots Hit Robots 60 | 8 2 17 7 26 Core Hits 48 | 4 1 9 13 21 Critical Kills . | . . . . . Critical Parts Destroyed . | . . . . . Critical Strikes . | . . . . . Melee Attacks 27 | . . . 19 8 Impact . | . . . . . Slashing . | . . . . . Piercing 27 | . . . 19 8 Sneak Attacks 2 | . . . 2 . Combat Hostiles . | . . . . . Follow-up Attacks . | . . . . . Damage Inflicted 2057 | 74 28 496 618 841 Guns 769 | 74 28 207 . 460 Cannons . | . . . . . Explosions 986 | . . 289 390 307 Melee 302 | . . . 228 74 Ramming . | . . . . . Kinetic 699 | 74 28 207 . 390 Thermal 265 | . . . . 265 Explosive 791 | . . 289 390 112 Electromagnetic . | . . . . . Impact . | . . . . . Slashing . | . . . . . Piercing 302 | . . . 228 74 Highest Corruption 1 | . . . 1 . Average Corruption 1 | . . . 1 . Corruption Purged . | . . . . . Corruption Blocked . | . . . . . Overload Shots . | . . . . . Overflow Damage 133 | . . 33 37 63 Projectiles . | . . . . . Explosions 98 | . . 33 2 63 Melee 35 | . . . 35 . Knockbacks . | . . . . . Impact . | . . . . . Kinetic . | . . . . . Secondary . | . . . . . Self-Inflicted Damage 14 | . . 14 . . Shots 1 | . . 1 . . Rammed 1 | . . . . 1 Targets Rammed 1 | . . . . 1 Kicked . | . . . . . Crushed . | . . . . . Highest Temperature 30 | . . . . 30 Average Temperature 21 | . . . . 21 Received Heat Transfer 369 | . 6 . 81 282 Siege Activations . | . . . . . Robots Corrupted . | . . . . . Combat Hostiles . | . . . . . Parts Fried . | . . . . . Impact Corruptions . | . . . . . Robots Melted . | . . . . . Combat Hostiles . | . . . . . Parts Melted 1 | . . . . 1 Heat Transferred 298 | . . . . 298 Parts Sabotaged . | . . . . . Parts Stolen . | . . . . . Parts Stripped . | . . . . . Power Chain Reactions . | . . . . . Alert | -11 -10 -9 -8 -7 ------- Run | Yrd Mat Mat Mat Fac Peak Influence 635 | 10 88 287 635 508 Initial 223 | . 6 37 120 223 Average 238 | 5 43 131 330 358 Maximum Alert Level 2 | . . 1 2 2 Low Security (%) 49 | 100 100 76 39 . Level 1 25 | . . 23 16 57 Level 2 25 | . . . 43 42 Level 3 . | . . . . . Level 4 . | . . . . . Level 5 . | . . . . . High Security . | . . . . . Max Security . | . . . . . Squads Dispatched 5 | . 1 . 1 3 Investigation 2 | . . . 1 1 Extermination . | . . . . . Reinforcement 1 | . 1 . . . Assault . | . . . . . Garrison 2 | . . . . 2 Intercept . | . . . . . Searches Triggered . | . . . . . Construction Impeded . | . . . . . Haulers Reinforced . | . . . . . Active Scanning Responses . | . . . . . Cargo Convoy Interrupts . | . . . . . Stealth | -11 -10 -9 -8 -7 --------- Run | Yrd Mat Mat Mat Fac Distress Signals 4 | . 1 2 1 . Communications Jammed . | . . . . . Distress Signals . | . . . . . Times Spotted 68 | . 12 10 25 21 Peak Tracking Total 12 | . 8 7 12 9 Tactical Retreats 12 | . 1 2 4 5 Traps | -11 -10 -9 -8 -7 ------- Run | Yrd Mat Mat Mat Fac Traps Triggered 1 | . . . 1 . Indirectly . | . . . . . Trap Hack Attempts . | . . . . . Triggered . | . . . . . Disarmed . | . . . . . Reprogrammed . | . . . . . Reused . | . . . . . Traps Extracted . | . . . . . Installed . | . . . . . Triggered . | . . . . . Machines | -11 -10 -9 -8 -7 ---------- Run | Yrd Mat Mat Mat Fac Machines Disabled 2 | . . 1 . 1 Max in Single Turn 1 | . . 1 . 1 Machines Repaired . | . . . . . Machines Dismantled . | . . . . . Machines Sabotaged . | . . . . . Overloaded Fab Kills . | . . . . . Hacking | -11 -10 -9 -8 -7 --------- Run | Yrd Mat Mat Mat Fac Machines Accessed 8 | . . . 4 4 Terminals 7 | . . . 4 3 Fabricators . | . . . . . Repair Stations . | . . . . . Recycling Units . | . . . . . Scanalyzers . | . . . . . Garrison Access 1 | . . . . 1 Total Hacks 18 | . . . 8 10 Successful 6 | . . . 4 2 Failed 12 | . . . 4 8 Catastrophic 4 | . . . 2 2 Database Lockouts . | . . . . . Manual 9 | . . . 4 5 Terminals 15 | . . . 8 7 Fabricators . | . . . . . Repair Stations . | . . . . . Recycling Units . | . . . . . Scanalyzers . | . . . . . Garrison Access 3 | . . . . 3 Terminal Hacks 2 | . . . 2 . Branch Access Points 1 | . . . 1 . Unreport Threat 1 | . . . 1 . Fabricator Hacks . | . . . . . Repair Station Hacks . | . . . . . Recycling Unit Hacks . | . . . . . Scanalyzer . | . . . . . Garrison Access Hacks . | . . . . . Unauthorized Hacks 4 | . . . 2 2 Terminals 4 | . . . 2 2 Botnet 4 | . . . 2 2 Fabricators . | . . . . . Repair Stations . | . . . . . Recycling Units . | . . . . . Scanalyzers . | . . . . . Garrison Access . | . . . . . Data Cores Recovered . | . . . . . Used . | . . . . . Hacking Detections 8 | . . . 4 4 Full Trace Events 2 | . . . 1 1 Feedback Events . | . . . . . Feedback Blocked . | . . . . . Robot Schematics Acquired . | . . . . . Robots Built . | . . . . . Authchips . | . . . . . Time . | . . . . . Total Robot Build Rating . | . . . . . Part Schematics Acquired . | . . . . . Parts Built . | . . . . . Authchips . | . . . . . Time . | . . . . . Total Part Build Rating . | . . . . . Parts Repaired . | . . . . . Time . | . . . . . Parts Recycled . | . . . . . Recycled Matter . | . . . . . Retrieved Matter . | . . . . . Retrieved Components . | . . . . . Parts Scanalyzed . | . . . . . Part Schematics Acquired . | . . . . . Parts Damaged . | . . . . . Bothacking | -11 -10 -9 -8 -7 ------------ Run | Yrd Mat Mat Mat Fac Used RIF Installer . | . . . . . Robots Hacked . | . . . . . Non-combat . | . . . . . Combat . | . . . . . Robot Hacks Applied . | . . . . . Relay Couplers Released . | . . . . . Fabnet Peak Effective % . | . . . . . Robots Rewired . | . . . . . Allies Hacked . | . . . . . Hacks Repelled . | . . . . . Allies | -11 -10 -9 -8 -7 -------- Run | Yrd Mat Mat Mat Fac Total Allies . | . . . . . Largest Group . | . . . . . Highest-Rated Group . | . . . . . Highest-Rated Ally . | . . . . . Total Orders . | . . . . . Ally Attacks . | . . . . . Total Damage . | . . . . . Kills . | . . . . . Allies Corrupted . | . . . . . Allies Melted . | . . . . . Intel | -11 -10 -9 -8 -7 ------- Run | Yrd Mat Mat Mat Fac Robot Analysis Total . | . . . . . Derelict Logs Recovered . | . . . . . Drone Launches . | . . . . . Drone Recoveries . | . . . . . Exploration | -11 -10 -9 -8 -7 ------------- Run | Yrd Mat Mat Mat Fac Turns Passed 886 | 46 86 237 306 211 Spaces Moved 1216 | 30 141 322 459 264 Core 1216 | 30 141 322 459 264 Treads . | . . . . . Legs . | . . . . . Wheels . | . . . . . Hover . | . . . . . Flight . | . . . . . Fastest Speed 50 | 50 50 50 50 50 Average Speed 50 | 70 50 50 50 50 Slowest Speed 100 | 100 50 50 50 100 Overloaded Moves . | . . . . . Propulsion Burnouts . | . . . . . Robots Hopped . | . . . . . Cave-ins Triggered . | . . . . . Exploration Rate (%) 24 | 3 34 32 44 11 Regions Visited 4 Branch Regions . Pre-discovered Areas . | . . . . . Known Exits Taken . | . . . . . Unknown Exits Taken 4 | 1 1 1 1 . Scrap Searched . | . . . . . Spaces Dug 20 | . . 9 7 4 Terrain Destroyed 98 | . . 34 28 36 Melee 11 | . . . 7 4 Projectile . | . . . . . AOE 87 | . . 34 21 32 Terrain Rammed . | . . . . . Walls Destroyed . | . . . . . Machines Disabled . | . . . . . Actions | -11 -10 -9 -8 -7 --------- Run | Yrd Mat Mat Mat Fac Total 1376 | 41 150 379 502 304 Wait 32 | . . 18 13 1 Move 1212 | 29 140 321 458 264 Hop . | . . . . . Pick Up 8 | 1 3 2 1 1 Fast Attach 12 | 2 1 5 2 2 Attach 11 | 1 . 4 2 4 Detach 9 | 1 1 6 1 . Swap 2 | . . . 2 . Drop 4 | . . 3 1 . Fire 58 | 7 5 20 3 23 Melee 27 | . . . 19 8 Ram 1 | . . . . 1 Kick . | . . . . . Crush . | . . . . . Escape Stasis . | . . . . . Rewire . | . . . . . Trap . | . . . . . Miscellaneous . | . . . . . Route ------- -11/Scrapyard -10/Materials -9/Materials -8/Materials -7/Factory History --------- Turn | Location | Event 2 | -11/Scrapyard | Met Revision 17 5 | -11/Scrapyard | Discovered new exit (range 16) 47 | -11/Scrapyard | Entered Materials 93 | -10/Materials | Discovered new exit (range 11) 133 | -10/Materials | Entered another Materials area 133 | -9/Materials | Evolved 2 slots: Utility x2 312 | -9/Materials | Build established: Mutant 352 | -9/Materials | Discovered new exit (range 6) 370 | -9/Materials | Entered another Materials area 370 | -8/Materials | Evolved 2 slots: Utility x2 565 | -8/Materials | Destroyed 7 combat bots 614 | -8/Materials | Discovered new exit (range 5) 676 | -8/Materials | Entered Factory 676 | -7/Factory | Evolved 2 slots: Utility x2 761 | -7/Factory | Garrison activated, responded to threat 827 | -7/Factory | Core integrity fell below 50% 863 | -7/Factory | Core integrity fell below 20% 874 | -7/Factory | Lost 5 parts (5w) 887 | -7/Factory | Destroyed by S-27 Virus with Autogun Last Messages --------------- 00838_ Lgt. Ion Engine melted. 00838_ O-16 Technician destroyed. 00843_ Particle Gun destroyed. 00844_ Acquired 12 matter. 00847_ R-06 Scavenger collects Hover Unit. 00863_ >> Machine Analyzer network decryption results: 00863_ Terminal x1 00869_ >> Machine Analyzer network decryption results: 00869_ Recycling Unit x2 00872_ K-01 Serf collects debris. 00878_ K-01 Serf cleans the Neutrino Reactor. 00878_ Slammed into S-27 Virus. 00878_ Destabilizing: Core damaged (-35). 00879_ >> Machine Analyzer network decryption results: 00879_ Terminal x1 00880_ >> Machine Analyzer network decryption results: 00880_ Terminal x1 00881_ K-01 Serf cleans the Neutrino Reactor. 00884_ >> Machine Analyzer network decryption results: 00884_ Terminal x1 Map ----- +----------------------------------------------------+ | ??????????????????""??"" ?????????????????????? | | ??????????????????"""?""" ?????????????????????? | | ??????????????????"""?""" ##???????????????????? | | ??????????????????"""?""" ##???????????????????? | | ?????????????????????? ##???????????????????? | | ??????????????????""??"" ##???????????????????? | | ??????????????????"" "" ##???????????????????? | | ????????????? ? """ """ ##?#############?????? | | ????????????? """ """ ##?#############?????? | | ????????????? """ """ ##?## ! ##?????? | | ???????????? ##?## ##?????? | | ???????????????? ##?## ##?????? | | ??????????????????## ##### """ """ ##?"""?? | | ??????????????????## ##### """ """ ##?"T??? | | ??????????????????## """ / """ """ ##?"""?? | | ??????????????????## """ ##### ## | | ??????????????????## """ ##### """ """ ######## | | ??????????????????## ##?## """ """ # | | ??????????????????## s ##### """ """ # | | ??????""??????????#######s####### + ^ | | ??????T"??????????## """"" # """ # | | ??????????????????## ""T"" #"" """ # ^ | | ??????????????????## " " #"Y """ ###+#+## | | ??????????????????## " " k #"" ### = | | ??????????????????## " " # = + + | | ??????????????????## " " @ ############# """ | | ??????????????????## " " # ### """ | | ??????????????????## " " # """ """ ### """ | | ??????????????????## " " # """ """ ### | | ??????????????????## " " # """ """ ###! | | | ?????????????????? # " " # ######## | | ?????????????????? # ! # """ """ # | | ?????????????????? ###+########## """ """ # | | ?????????????????? ### ## # """ """ / | | ?????????????????????????????"""# # | | ??????????????????????????????T"# # | | ?????????????????????????????"""# [ ##### ## | | ??????????????????????????????? # ##### ## | | ????????????????????????????""" # "" "" =##### ## | | ????????????????????????????""" # ""F"" ### | | ????????????????????????????""" # """ ### | | ??????????????????????????????? # $/ T | | ???????????????????????????????############## | | ???????????????????????????????############## | | ???????????????????????????????############### # | | ???????????????????????????????## # # | | ???????????????????????????????## """ """ + # | | ??????????????????????????????????"R """ # # | | ??????????????????????????????????""" """ # # | | ?????????????????????????????????? # # | +----------------------------------------------------+ Best States ------------- Heat Dissipation 34 Energy Generation 5 Energy Capacity 100 Matter Stores 300 Matter Capacity 300 Sight Range 18 Robot Scan Range 14 Terrain Scan Range 16 Terrain Scan Density 10 Evasion (%) 50 Targeting Accuracy 28 Item Schematics ----------------- None Robot Schematics ------------------ None Fabricated ------------ Nothing Alien Tech Used ----------------- None Achievements -------------- None Challenges ------------ None Game ------ Seed StructuralUltimateFalx Manual? 0 Play Time 00:22:26 Cumulative 601.4 hours Start 2024.02.20 @ 22:22:27 End 2024.02.20 @ 22:42:50 Sessions 1 Manual Loads 0 Difficulty Rogue Special Mode None Game No. 104 Rogue 87 Adventurer 17 Explorer 0 Win Type - Total 3 Types 3/0/0/0/0/0/0/0/0 Lore% 58 Gallery% 68 Achievement% 58 Wizard Run 0 Options --------- Layout 2 ASCII 0 Keyboard 1 Movement Vi Keybinds 0 Fullscreen 1 Font 18/X11 Map View 76x59 Zoom Use 0% Tactical HUD 1 Map Filters NONE Filters NONE Steam 1 RUN: fde802b6-5c8e-4071-a567-8b405d2187e9